 Dungeon Crawl Stone Soup version 0.28.0-1-gb440e238dd (webtiles) character file.

Game seed: 7453049583103944795

12 Dirian the Charlatan (level 2, -1/23 HPs)
             Began as a Hill Orc Wanderer on Feb 19, 2022.
             Slain by a frilled lizard (2 damage)
             ... on level 1 of the Dungeon.
             The game lasted 00:00:58 (672 turns).

Dirian the Charlatan (Hill Orc Wanderer)             Turns: 672, Time: 00:01:00

Health: -1/23      AC:  2    Str: 12    XL:     2   Next: 33%
Magic:  4/4        EV: 11    Int: 12    God:
Gold:   23         SH:  0    Dex: 12    Spells: 3/4 levels left

rFire   . . .      SeeInvis .   d - +0 great mace
rCold   . . .      Faith    .   (shield currently unavailable)
rNeg    . . .      Spirit   .   c - +0 robe
rPois   .          Reflect  .   (no helmet)
rElec   .          Harm     .   (no cloak)
rCorr   .          Rampage  .   (no gloves)
Will    .....                   (no boots)
Stlth   +.........              (no amulet)
HPRegen 0.07/turn               (no ring)
MPRegen 0.09/turn               (no ring)

@: no status effects
A: no striking features
a: no special abilities


You were on level 1 of the Dungeon.
You visited 1 branch of the dungeon, and saw 1 of its levels.

You collected 23 gold pieces.

Inventory:

Hand Weapons
 a - a +2 quarterstaff
 d - a +0 great mace (weapon)
Armour
 c - a +0 robe (worn)
Miscellaneous
 b - a piece from Xom's chessboard (15/15)


   Skills:
 + Level 1.0 Fighting
 * Level 1.8 Axes
 - Level 1.7 Staves
 + Level 0.8 Armour
 - Level 1.5 Spellcasting
 - Level 3.0 Conjurations
 - Level 3.0 Evocations


You had 3 spell levels left.
You knew the following spells:

 Your Spells              Type           Power      Damage    Failure   Level
a - Foxfire               Conj/Fire      16%        2x1d4     16%         1

Your spell library contained the following spells:

 Spells                   Type           Power      Damage    Failure   Level
 Conjure Flame            Conj/Fire      4%         6-21      43%         3


Dungeon Overview and Level Annotations

Branches:
Dungeon (1/15)

Altars:

Shops:
D:1 =


Message History

You barely miss the hobgoblin.
The hobgoblin is almost dead.
The hobgoblin hits you. The frilled lizard bites you.
* * * LOW HITPOINT WARNING * * *
The hobgoblin barely misses you. The frilled lizard bites you.
* * * LOW HITPOINT WARNING * * *
You thump the hobgoblin!
You kill the hobgoblin!
The frilled lizard misses you.
The frilled lizard hisses.
Your Fighting skill increases to level 1!
You barely miss the frilled lizard. The frilled lizard closely misses you.
The frilled lizard misses you.
You miss the frilled lizard. The frilled lizard closely misses you.
You miss the frilled lizard.
The frilled lizard bites you but does no damage.
The frilled lizard hisses.
The frilled lizard bites you.
* * * LOW HITPOINT WARNING * * *
You closely miss the frilled lizard.
The frilled lizard bites you but does no damage.
The frilled lizard barely misses you.
You miss the frilled lizard.
The frilled lizard bites you but does no damage.
You barely miss the frilled lizard.
The frilled lizard bites you but does no damage.
The frilled lizard barely misses you.
You closely miss the frilled lizard.
The frilled lizard bites you but does no damage.
The frilled lizard closely misses you.
You miss the frilled lizard. The frilled lizard bites you.
* * * LOW HITPOINT WARNING * * *
You barely miss the frilled lizard.
The frilled lizard completely misses you.
The frilled lizard barely misses you.
You closely miss the frilled lizard. The frilled lizard bites you.
* * * LOW HITPOINT WARNING * * *
You miss the frilled lizard.
The frilled lizard barely misses you. x2
You barely miss the frilled lizard. The frilled lizard bites you.
You die...

#.#.#.#.....b..
#.#.#.#.####### #
#.#.#.#.#.. ##
#.#.#.#.#.# .##
#...#.#†#.#
..######.###.#.#.#
#......###.....#.#
.#####.# #.....#.#
...[#..# #.....#@#
...#..## #.....#l#
...#..#
#.....#J####
....#..#
###.#..l...#
.#####..
...#......#
#.......
#####).....#
........
#.#.......
...###..
...####... ..##
.... ....


You could see an endoplasm and 2 frilled lizards.

Vanquished Creatures
  2 bats (D:1)
  A giant cockroach (D:1)
  A goblin (D:1)
  A hobgoblin (D:1)
  A quokka (D:1)
  A ball python (D:1)
  A frilled lizard (D:1)
  2 kobolds (D:1)
  A rat (D:1)
11 creatures vanquished.

Notes
Turn   | Place    | Note
-------+----------+-------------------------------------------
     0 | D:1      | Dirian the Hill Orc Wanderer began the quest for the Orb.
     0 | D:1      | Dirian set off with the following items: a +2 quarterstaff,
                  | a piece from Xom's chessboard (15/15), a +0 robe; and the
                  | following spell memorised: Foxfire; and the following
                  | spells available to memorise: Conjure Flame
     0 | D:1      | Reached XP level 1. HP: 14/14 MP: 3/3
   252 | D:1      | Reached skill level 1 in Axes
   378 | D:1      | Found Nabiuw's Jewellery Emporium.
   476 | D:1      | Reached XP level 2. HP: 22/22 MP: 4/4
   507 | D:1      | Found a faded altar of an unknown god.
   661 | D:1      | Reached skill level 1 in Fighting
   668 | D:1      | HP: 1/23 [frilled lizard (2)]
   672 | D:1      | Slain by a frilled lizard

Illustrated notes

Levels and vault maps discovered:
D:1:      scummos_arrival_star, layout_basic, serial_shops, shop,
          basic_ecumenical_altar, minmay_misc_feat_hallway

Skill      XL: |  1  2 |
---------------+-------+-----
Axes           | 1 |  1.8
Fighting       | 1 |  1.0
Staves         | |  1.7
Armour         | |  0.8
Spellcasting   | |  1.5
Conjurations   | |  3.0
Evocations     | |  3.0

Action                   || total
-------------------------++-------
Melee: Great mace        ||    60
Armor: Robe              ||    33
Dodge: Dodged            ||    85
